 Dungeon Crawl Stone Soup version 0.21.1-1-g345015f (webtiles) character file.

119 poirepourri the Grave Robber (level 4, -3/30 HPs)
             Began as a Mummy Necromancer on Feb 22, 2018.
             Killed from afar by an orc wizard (4 damage)
             ... with a magic dart
             ... on level 4 of the Dungeon.
             The game lasted 00:04:19 (4126 turns).

poirepourri the Grave Robber (Mummy Necromancer)    Turns: 4126, Time: 00:04:20

Health: -3/30      AC:  4    Str: 11    XL:     4   Next: 73%
Magic:  8/10       EV: 12    Int: 15    God:
Gold:   222        SH:  0    Dex: 12    Spells: 2/11 levels left

rFire    x . .     SeeInvis .   c - +0 short sword
rCold    + . .     Gourm    .   (no shield)
rNeg     + + +     Faith    .   a - +1 robe
rPois    ∞         Spirit   .   (no helmet)
rElec    .         Reflect  .   (no cloak)
rCorr    .         Harm     .   e - +0 pair of gloves
MR       .....                  (no boots)
Stlth    +.........             (no amulet)
HPRegen  0.10/turn              (no ring)
MPRegen  0.12/turn              (no ring)

@: confused
A: no food or potions, fire vulnerability, cold resistance 1, negative energy
resistance 3, torment resistance, unbreathing
a: no special abilities


You were on level 4 of the Dungeon.
You were not hungry.

You visited 1 branch of the dungeon, and saw 4 of its levels.

You collected 222 gold pieces.

Inventory:

Hand Weapons
 c - a +0 short sword (weapon)
Armour
 a - a +1 robe (worn)
 e - a +0 pair of gloves (worn)
Scrolls
 d - a scroll of fog
 f - a scroll of teleportation
Books
 b - a book of Necromancy

   Spells                             Type                      Level
   a - Pain                           Necromancy                   1
   b - Animate Skeleton               Necromancy                   1
   c - Vampiric Draining              Necromancy                   3
   d - Regeneration                   Charms/Necromancy            3
   e - Animate Dead                   Necromancy                   4
   f - Borgnjor's Vile Clutch         Necromancy/Earth             5


   Skills:
 - Level 1.5 Dodging
 - Level 1.5 Stealth
 - Level 4.0 Spellcasting
 + Level 5.6 Necromancy


You had 2 spell levels left.
You knew the following spells:

 Your Spells              Type           Power        Failure   Level  Hunger
a - Pain                  Necr           ###.         1%          1    N/A
b - Animate Skeleton      Necr           N/A          1%          1    N/A
c - Vampiric Draining     Necr           ###.......   5%          3    N/A
d - Animate Dead          Necr           N/A          17%         4    N/A

Dungeon Overview and Level Annotations

Branches:
Dungeon (4/15)
 Temple: D:4-7

Altars:
Makhleb
Qazlal
Ru
Xom
Yredelemnul

Annotations:
D:3 inc's ghost, weakling FeWz
D:4 teukkam's ghost, novice MiFi


Innate Abilities, Weirdness & Mutations

You do not eat or drink.
Your flesh is vulnerable to fire.
You are immune to poison.
Your flesh is cold resistant. (rC+)
You are immune to negative energy. (rN+++)
You are immune to unholy pain and torment.
You can survive without breathing.


Message History

The orc wizard gestures at you while chanting.
The puff of flame hits you! The fire burns you terribly!
Ouch! That really hurt!
* * * LOW HITPOINT WARNING * * *
Casting: Pain
Confirm with . or Enter, or press ? or * to list all spells.
Aiming: Pain
Press: ? - help, Shift-Dir - straight line, f/p - orc wizard
Aim: an orc wizard, wielding a dagger and wearing a robe (lightly wounded, chance to defeat MR: 78%)
The orc wizard writhes in agony!
The orc wizard gestures at you while chanting.
You are confused.
You hear a shout!
You're too confused to cast spells.
You're too confused!
Unknown command.
You hear a shout!
The orc wizard gestures at you while chanting.
The magic dart hits you!
You die...

#.# #_..#.# #o#.#########.# #
#.#.#.._#_..#.#
#.###o#.#...#...#.#
......#.....#.....#####
#.#.......#####.......# ...
...........# ##.####.# ....
#.....# #.# #.# ...####
#@....# #.####.# #....#
#.#'### #.#....#
#....####.#.#######.#.####
#......##...........#.#.#.
####....#.##.########..#.#.#.
........'.................>..
###...)#.##...###.##....####
#....#.###..# #.####......
######......# #.# #.#####


You could see an orc wizard and an orc.

Vanquished Creatures
  A bullfrog skeleton (D:4)
  A worker ant (D:4)
  An adder (D:4)
  A worm (D:3)
  A dart slug (D:1)
  3 leopard geckos (D:1)
  An orc (D:4)
  5 bats
  5 giant cockroaches (D:1)
  7 goblins
  4 hobgoblins
  3 jackals (D:2)
  A ball python (D:4)
  5 frilled lizards
  2 kobolds (D:1)
  6 rats
47 creatures vanquished.

Vanquished Creatures (collateral kills)
  A rat (D:1)
1 creature vanquished.

Grand Total: 48 creatures vanquished

Notes
Turn   | Place    | Note
-------+----------+-------------------------------------------
     0 | D:1      | poirepourri the Mummy Necromancer began the quest for the Orb.
     0 | D:1      | Reached XP level 1. HP: 13/13 MP: 4/4
   180 | D:1      | Learned a level 1 spell: Animate Skeleton
   260 | D:1      | Reached XP level 2. HP: 9/19 MP: 0/6
  1023 | D:1      | Reached XP level 3. HP: 20/24 MP: 1/8
  1166 | D:1      | Learned a level 3 spell: Vampiric Draining
  1669 | D:2      | Found a shimmering altar of Xom.
  2010 | D:3      | Noticed inc's ghost (weakling FeWz)
  3117 | D:4      | Reached skill level 5 in Necromancy
  3117 | D:4      | Reached XP level 4. HP: 28/30 MP: 5/10
  3376 | D:4      | Noticed teukkam's ghost (novice MiFi)
  3603 | D:4      | Learned a level 4 spell: Animate Dead
  3654 | D:4      | Found a basalt altar of Yredelemnul.
  4088 | D:4      | Found a sacrificial altar of Ru.
  4099 | D:4      | Found a burning altar of Makhleb.
  4121 | D:4      | Found a stormy altar of Qazlal.
  4124 | D:4      | HP: 1/30 [orc wizard/puff of flame (15)]
  4126 | D:4      | Killed from afar by an orc wizard

Skill      XL: |  1  2  3 |
---------------+----------+-----
Spellcasting   | 3 4 |  4.0
Necromancy     | 5 |  5.6
Dodging        | |  1.5
Stealth        | |  1.5

Action                   |  1- 3 |  4- 6 || total
-------------------------+-------+-------++-------
Melee: Short sword       |     6 |    13 ||    19
 Cast: Pain              |    79 |    13 ||    92
       Animate Skeleton  |     1 |       ||     1
  Use: Scroll            |    11 |     1 ||    12
Armor: Robe              |    15 |     6 ||    21
Dodge: Dodged            |    26 |    11 ||    37
